 Dungeon Crawl Stone Soup version 0.18.1-8-gdd0e5ea (webtiles) character file.

198 raph the Firebug (level 5, -3/28 HPs)
             Began as a Deep Elf Fire Elementalist on June 12, 2016.
             Slain by Natasha (6 damage)
             ... on level 2 of the Dungeon.
             The game lasted 00:05:21 (2872 turns).

raph the Firebug (Deep Elf Fire Elementalist)       Turns: 2872, Time: 00:05:22

Health: -3/28      AC:  2    Str:  8    XL:     5   Next: 47%
Magic:  1/13       EV: 13    Int: 21    God:
Gold:   45         SH:  0    Dex: 15    Spells: 4 memorised, 3 levels left

rFire  . . .     SeeInvis .     i - +0 dagger
rCold  . . .     Gourm    .     a - +0 robe
rNeg   . . .     Faith    .     (no shield)
rPois  .         Spirit   .     (no helmet)
rElec  .         Dismiss  .     (no cloak)
rCorr  .         Reflect  .     (no gloves)
SustAt .         Harm     .     (no boots)
MR     .....                    (no amulet)
Stlth  +++.......               (no ring)
                                o - +3 ring of strength

@: slowed, very slow, not resistant to hostile enchantments, fairly stealthy
A: no striking features
a: no special abilities


You were on level 2 of the Dungeon.
You were very hungry.

You visited 1 branch of the dungeon, and saw 2 of its levels.

You collected 45 gold pieces.

Inventory:

Hand Weapons
 i - a +0 dagger (weapon)
Armour
 a - a +0 robe (worn)
Jewellery
 o - a +3 ring of strength (left hand)
Scrolls
 e - a scroll of recharging {unknown}
 f - a scroll of magic mapping {unknown}
 g - 2 scrolls of remove curse {unknown}
 j - 3 scrolls of identify {unknown}
 k - a scroll of amnesia {unknown}
 l - a scroll of fear {unknown}
 m - a scroll of teleportation {unknown}
 q - a scroll of immolation {unknown}
Potions
 d - a potion of agility {unknown}
 h - a potion of beneficial mutation {unknown}
 p - a potion of might {unknown}
Books
 b - a book of Flames

   Spells                             Type                      Level
   a - Flame Tongue                   Conjuration/Fire             1
   b - Throw Flame                    Conjuration/Fire             2
   c - Conjure Flame                  Conjuration/Fire             3
   d - Inner Flame                    Hexes/Fire                   3
   e - Sticky Flame                   Conjuration/Fire             4
   f - Fireball                       Conjuration/Fire             5
Comestibles
 c - 2 bread rations


   Skills:
 + Level 3.2 Dodging
 + Level 4.0 Stealth
 + Level 4.4 Spellcasting
 * Level 2.7 Conjurations
 * Level 4.5 Fire Magic


You had 3 spell levels left.
You knew the following spells:

 Your Spells              Type           Power        Failure   Level  Hunger
a - Flame Tongue          Conj/Fire      ###..        2%          1    None
b - Throw Flame           Conj/Fire      ###...       4%          2    #......
c - Conjure Flame         Conj/Fire      ###.....     10%         3    ##.....
d - Inner Flame           Hex/Fire       ##......     17%         3    ##.....


Dungeon Overview and Level Annotations

Branches:
Dungeon (2/15)

Altars:

Annotations:
D:2 Natasha


Message History

The magic dart hits you!
Casting: Flame Tongue
Confirm with . or Enter, or press ? or * to list all spells.
Aiming: Flame Tongue
Press: ? - help, Shift-Dir - straight line, f/p - Natasha
Aim: Natasha (heavily wounded)
The flame tongue misses Natasha.
Natasha casts a spell at you. The magic dart hits you!
* * * LOW HITPOINT WARNING * * *
You closely miss Natasha.
Natasha is heavily wounded.
Natasha barely misses you. Natasha closely misses you.
You barely miss Natasha.
Natasha is heavily wounded.
Natasha closely misses you.
You hit Natasha.
Natasha is severely wounded.
Natasha claws you.
You die...

.............
########h#
#............ #§#
............. #.#
.......###### #.#
....(### #.#
.....# #.# #...##
#####.# ....##
##########.....#
.....#
##......@h...####
####### #....#
#..#########.##
##≈≈≈≈≈≈
#....####.## #..#
##≈≈≈≈≈≈≈
#.........#
##.###≈≈≈.....
#....######
#..##≈≈......
#....#
##.##≈≈..####
)....#
#(##≈≈).#...
.....#
#(#≈≈≈..'...
.....#
#(#≈≈≈..#...


You could see Natasha.

Vanquished Creatures
  Natasha (twice) (D:2)
  A worker ant (D:2)
  Terence (D:2)
  Robin (D:2)
  2 adders (D:2)
  An ooze (D:1)
  2 worms (D:2)
  5 bats (D:1)
  A giant cockroach (D:2)
  17 goblins
  9 hobgoblins
  3 jackals (D:2)
  2 quokkas (D:2)
  3 giant newts
  2 kobolds (D:1)
  5 rats
57 creatures vanquished.

Notes
Turn   | Place    | Note
--------------------------------------------------------------
     0 | D:1      | raph the Deep Elf Fire Elementalist began the quest for the Orb.
     0 | D:1      | Reached XP level 1. HP: 10/10 MP: 6/6
   136 | D:1      | Reached XP level 2. HP: 15/15 MP: 5/8
   174 | D:1      | Learned a level 2 spell: Throw Flame
  1319 | D:1      | Reached XP level 3. HP: 19/19 MP: 7/10
  1348 | D:1      | Learned a level 3 spell: Conjure Flame
  1352 | D:1      | Learned a level 3 spell: Inner Flame
  1620 | D:2      | Noticed Natasha
  1633 | D:2      | Killed Natasha
  1633 | D:2      | Reached XP level 4. HP: 15/24 MP: 1/11
  1795 | D:2      | Noticed Terence
  1818 | D:2      | Killed Terence
  1979 | D:2      | Noticed Natasha
  1983 | D:2      | Killed Natasha
  2246 | D:2      | Reached XP level 5. HP: 28/28 MP: 2/13
  2494 | D:2      | Noticed Robin
  2499 | D:2      | Killed Robin
  2839 | D:2      | Noticed Natasha
  2872 | D:2      | Slain by Natasha

Skill      XL: |  1  2  3  4  5 |
---------------+----------------+-----
Stealth        | 3 4 |  4.0
Fire Magic     | 4 |  4.5
Spellcasting   | 4 |  4.4
Conjurations   | 2 |  2.7
Dodging        | 3 |  3.2

Action                   |  1- 3 |  4- 6 || total
-------------------------+-------+-------++-------
Melee: Dagger            |       |     3 ||     3
 Cast: Flame Tongue      |    35 |    37 ||    72
       Throw Flame       |    16 |    17 ||    33
       Conjure Flame     |       |     6 ||     6
       Inner Flame       |       |     2 ||     2
  Eat: Chunk             |     3 |     3 ||     6
Armor: Robe              |     2 |     1 ||     3
Dodge: Dodged            |     7 |    12 ||    19
